 Dungeon Crawl Stone Soup version 0.27.1-34-g3ba077fa99 (console) character file.

Game seed: 2961949501220673313

56 Banquo the Shield-Bearer (level 4, -7/35 HPs)
             Began as a Formicid Fighter on Feb 8, 2022.
             Was a Follower of Qazlal.
             Killed from afar by Robin (11 damage)
             ... with a puff of flame
             ... on level 2 of the Dungeon.
             The game lasted 00:04:11 (1279 turns).

Banquo the Shield-Bearer (Formicid Fighter)         Turns: 1279, Time: 00:04:11

Health: -7/35      AC:  9    Str: 22    XL:     4   Next: 17%
Magic:  5/5        EV:  6    Int:  7    God:    Qazlal [*.....]
Gold:   40         SH: 12    Dex: 10    Spells: 3/3 levels left

rFire    . . .     SeeInvis +   a - +0 war axe
rCold    . . .     Faith    .   i - +1 kite shield
rNeg     . . .     Spirit   .   d - +0 chain mail
rPois    .         Reflect  .   (helmet unavailable)
rElec    .         Harm     .   (no cloak)
rCorr    .         Rampage  .   (no gloves)
Will     .....                  (no boots)
Stlth    ..........             (no amulet)
HPRegen  0.11/turn              (no ring)
MPRegen  0.09/turn              (no ring)

@: no status effects
A: permanent stasis, dig shafts and tunnels, antennae 3, four strong arms
a: Dig, Shaft Self, Renounce Religion


You were on level 2 of the Dungeon.
You worshipped Qazlal.
Qazlal was aware of your devotion.
You visited 1 branch of the dungeon, and saw 2 of its levels.

You collected 40 gold pieces.

Inventory:

Hand Weapons
 a - a +0 war axe (weapon)
Missiles
 e - 60 stones
 j - 13 poisoned darts
Armour
 d - a +0 chain mail (worn)
 i - a +1 kite shield (worn)
 m - a +0 scale mail
Jewellery
 k - a ring of fire
Potions
 b - a potion of might
 c - 2 potions of cancellation {unknown}
 f - 2 potions of heal wounds
 g - 3 potions of curing {unknown}
 h - 2 potions of flight {unknown}
 l - a potion of ambrosia {unknown}


   Skills:
 + Level 3.5 Fighting
 * Level 3.1 Axes
 + Level 3.6 Armour
 + Level 0.1 Dodging
 + Level 3.9 Shields
 * Level 1.3 Invocations


You had 3 spell levels left.
You didn't know any spells.
Your spell library was empty.

Dungeon Overview and Level Annotations

Branches:
Dungeon (2/15)

Altars:
Qazlal

Annotations:
D:2 Robin


Innate Abilities, Weirdness & Mutations

You cannot be hasted, slowed, berserked, paralysed or teleported.
You can dig through walls and to a lower floor.
You have a pair of large antennae on your head. (SInv)
Your four strong arms can wield two-handed weapons with a shield.


Message History

The puff of flame hits you!
You hit Robin.
Robin is moderately wounded.
Robin zaps a wand.
The puff of flame hits you.
You barely miss Robin.
Robin is moderately wounded.
Robin roars a battlecry!
Robin hits you but does no damage.
You hear a shout! x2
You hit Robin.
Robin is heavily wounded.
You hear a shout! x2
Robin hits you but does no damage.
You hear a shout!
You barely miss Robin.
Robin is heavily wounded.
You block Robin's attack. Robin hits you with a +0 whip.
You closely miss Robin.
Robin is heavily wounded.
Robin hits you but does no damage.
Robin zaps a wand.
The puff of flame hits you.
You hit Robin but do no damage.
Robin is heavily wounded.
Robin zaps a wand.
The puff of flame hits you!
You are too injured to fight recklessly!
You are too injured to fight recklessly!
You are too injured to fight recklessly!
You completely miss Robin.
Robin is heavily wounded.
Robin zaps a wand.
The puff of flame hits you!
* * * LOW HITPOINT WARNING * * *
Robin drinks a potion.
Robin is healed!
You closely miss Robin.
Robin zaps a wand.
The puff of flame hits you but does no damage.
You hit Robin.
Robin is moderately wounded.
Robin barely misses you. Robin hits you but does no damage.
Are you sure you want to shaft yourself?
Robin zaps a wand.
The puff of flame hits you!
You die...

***####*** *,,....,,****
*,{....,,**,, ######
*,.g...,,*,,, ...'.# #####
*{.{gg.,,,,,, ##.#.##
###.#g###{{.{..,,,,,, #.#..#
##..#@#{#{.{{..g,,,,,, ##.##.#
#...####{...{g$.,,,,,, ...##.#
#..## *#.####.##**,,,, ##+#..#
#..#***..# *,* **<,, .#.#..#
####..#*,..## *,* **,,, ##....#
#.....#*.##*****,****,,,,
####..###.##..##.***,,,,,{,,,,,,,
..........##.###,,,,,***,,***,,,,
####..#......#*,,,**** **,* *,,,,


You could see Robin.

Vanquished Creatures
  Terence (D:2)
  An adder (D:2)
  3 endoplasms (D:1)
  7 goblins
  2 hobgoblins (D:1)
  2 ball pythons (D:1)
  A bat (D:2)
  2 frilled lizards (D:1)
  2 kobolds (D:2)
21 creatures vanquished.

Notes
Turn   | Place    | Note
-------+----------+-------------------------------------------
     0 | D:1      | Banquo the Formicid Fighter began the quest for the Orb.
     0 | D:1      | Reached XP level 1. HP: 18/18 MP: 1/1
   185 | D:1      | Found a faded altar of an unknown god.
   350 | D:1      | Became a worshipper of Qazlal Stormbringer
   350 | D:1      | Reached * piety under Qazlal
   359 | D:1      | Reached XP level 2. HP: 18/24 MP: 2/2
  1041 | D:2      | Reached XP level 3. HP: 21/29 MP: 3/3
  1076 | D:2      | Noticed Terence
  1086 | D:2      | Killed Terence
  1087 | D:2      | Reached skill level 1 in Invocations
  1087 | D:2      | Reached XP level 4. HP: 20/35 MP: 4/4
  1248 | D:2      | Noticed Robin
  1279 | D:2      | Killed from afar by Robin

Illustrated notes

Levels and vault maps discovered:
D:1:      dpeg_arrival_tiny_i, layout_loops_ring,
          chequers_ecumenical_altar_simple
D:2:      layout_rooms, serial_shops, nicolae_shop_trees,
          minmay_misc_feat_encased, minmay_crystal_room, minivault_23,
          eino_tiny_chamber, uniq_robin, uniq_sigmund, uniq_terence

Skill      XL: |  1  2  3 |
---------------+----------+-----
Axes           | 3 |  3.1
Invocations    | 1 |  1.3
Fighting       | |  3.5
Armour         | |  3.6
Dodging        | |  0.1
Shields        | |  3.9

Action                   |  1- 3 |  4- 6 || total
-------------------------+-------+-------++-------
Melee: War axe           |    61 |    27 ||    88
 Abil: Dig               |       |     1 ||     1
       Shaft Self        |       |     1 ||     1
  Use: Scroll            |     3 |       ||     3
Armor: Scale mail        |    18 |       ||    18
       Chain mail        |       |    13 ||    13
Dodge: Dodged            |    11 |     5 ||    16
Block: Kite shield       |    34 |     8 ||    42
